 Dungeon Crawl Stone Soup version 0.31-a0-654-gbe3e110b4e (webtiles) character file.

Game seed: 14535486817219707332

17 Darkkill the Shooter (level 2, -1/25 HPs)
             Began as a Minotaur Hunter on Aug 29, 2023.
             Slain by a goblin
             ... wielding a +0 club
             ... led by Robin
              (6 damage)
             ... on level 1 of the Dungeon.
             The game lasted 00:00:49 (769 turns).

Darkkill the Shooter (Minotaur Hunter)               Turns: 769, Time: 00:00:49

Health: -1/25      AC:  3    Str: 15    XL:     2   Next: 44%
Magic:  1/1        EV: 12    Int:  6    God:
Gold:   34         SH:  0    Dex: 13    Spells: 1/1 levels left

rFire   . . .        a - +0 shortbow
rCold   . . .        (shield currently unavailable)
rNeg    . . .        c - +0 leather armour
rPois   .            (helmet restricted)
rElec   .            (no cloak)
rCorr   .            (no gloves)
SInv    .            (no boots)
Will    .....        (no amulet)
Stlth   +            (no ring)
HPRegen 0.24/turn    (no ring)
MPRegen 0.07/turn

%: no passive effects
@: no status effects
A: horns 2, retaliatory headbutt
a: no special abilities


You were on level 1 of the Dungeon.
You visited 1 branch of the dungeon, and saw 2 of its levels.

You collected 34 gold pieces.

Inventory:

Hand Weapons
 a - a +0 shortbow (weapon)
Missiles
 e - 6 javelins
 h - 7 stones
Armour
 c - a +0 leather armour (worn)
Scrolls
 b - a scroll of butterflies
Potions
 d - a potion of curing {unknown}
 g - a potion of heal wounds {unknown}


   Skills:
 + Level 2.8 Fighting
 + Level 4.5 Ranged Weapons
 + Level 2.5 Dodging
 + Level 1.2 Stealth


You had one spell level left.
You didn't know any spells.
Your spell library was empty.

Dungeon Overview and Level Annotations

Branches:
Dungeon (2/15)

Altars:

Shops:
D:1 ==

Annotations:
D:2 Robin


Innate Abilities, Weirdness & Mutations

You have a pair of horns on your head.
You reflexively headbutt those who attack you in melee.


Message History

You kill the rat!
No target in view!
A kobold comes into view. It is wielding a +0 short sword.
You shoot an arrow. The arrow hits the kobold.
You kill the kobold!
A hobgoblin comes into view.
The hobgoblin shouts!
A hobgoblin is nearby!
You shoot an arrow. The arrow hits the hobgoblin.
The hobgoblin is almost dead.
A hobgoblin is nearby!
A hobgoblin is nearby!
You shoot an arrow. The arrow hits the hobgoblin.
You kill the hobgoblin!
You see here a +0 short sword.
Found a stone staircase leading down.
No target in view!
As you open the door, it creaks loudly!
No target in view!
No target in view!
There is an open door here.
A rat comes into view.
Found a short sword.
You shoot an arrow. The arrow hits the rat.
You kill the rat!
There is a stone staircase leading down here.
A rat comes into view.
The rat moves out of view.
You shoot an arrow.
The arrow hits the rat but does no damage.
You shoot an arrow. The arrow hits the rat!
You kill the rat!
Found a quarterstaff.
No target in view!
Found Ymeag's Jewellery Boutique.
No target in view!
You see here a +0 quarterstaff.
There is an entrance to Ymeag's Jewellery Boutique here.
You now have 34 gold pieces (gained 13).
You see here a +0 quarterstaff.
There is a stone staircase leading down here.
You see here a +0 quarterstaff.
Done exploring.
No target in view!
Done exploring.
Done exploring.
No target in view!
No target in view!
Done exploring.
No target in view!
Done exploring.
Done exploring.
No target in view!
Done exploring.
No target in view!
As you read the scroll labelled ICYUMU WASIORR, it crumbles to dust.
Magic quickly surges around you.
It was a scroll of vulnerability.
There is a stone staircase leading down here.
You climb downwards.
Robin shouts!
The goblin shouts! x2; The hobgoblin shouts!
The goblin shouts!
The hobgoblin shouts!
You hear a shout!
The goblin shouts! x2
You hear a shout!
The goblin shouts!
You hear an angry hiss.
Found a robe.
There is a stone staircase leading up here.
There are monsters nearby!
You shoot an arrow. The arrow hits the goblin.
The goblin is severely wounded.
The goblin closely misses you.
A goblin comes into view. It is wielding a +0 dagger.
Robin roars a battlecry!
The goblins go into a battle-frenzy!
You hear a shout!
You shoot an arrow.
The arrow hits the goblin but does no damage.
The goblin is severely wounded.
You feel your willpower return.
The hobgoblin hits you but does no damage.
The goblin closely misses you.
Robin roars a battlecry!
The hobgoblin barely misses you. The goblin barely misses you.
The goblin hits you with a +0 dagger. Robin throws the goblin at you!
The hobgoblin hits you but does no damage.
You climb upwards.
There is a stone staircase leading down here.
You shoot an arrow. The arrow barely misses the goblin.
The goblin hits you with a +0 club. The hobgoblin hits you.
You shoot an arrow. The arrow barely misses the goblin.
The arrow hits the hobgoblin.
The hobgoblin is heavily wounded.
The goblin barely misses you. The hobgoblin closely misses you.
You shoot an arrow. The arrow closely misses the goblin.
The arrow barely misses the hobgoblin.
The goblin hits you with a +0 club. The hobgoblin hits you.
* * * LOW HITPOINT WARNING * * *
The goblin hits you with a +0 club.
* * * LOW HITPOINT WARNING * * *
The hobgoblin closely misses you.
You shoot an arrow. The arrow closely misses the goblin.
The arrow closely misses the hobgoblin.
The goblin hits you with a +0 club.
You die...

.............#.......'.#........#
##.###.......#.......#.#........#
##.##..#####..#.#.####.....######
##.#..#.....#.....# #.##### #
.....#.......#....# #.##########
##..#....<....#...# #.#....#รท..#
.....#.......#.gg.####.#.##.#...#
##.#..#.....#..#gg..........#...#
##.##..#####..##@#####.#.#.......
##...........##### ###+#.#+##....
##....######## #........#....
......# #........#.... ##....#
###########........#...# ......#
#.......).).......)#...# ......#
#.#########..........### ......#
#.# ####.......# .....## #.#
#.......#


You could see 2 hobgoblins and 2 goblins.

Vanquished Creatures
  2 bats (D:1)
  An endoplasm (D:1)
  A giant cockroach (D:1)
  A goblin (D:1)
  2 hobgoblins (D:1)
  3 ball pythons (D:1)
  A frilled lizard (D:1)
  2 kobolds (D:1)
  4 rats (D:1)
17 creatures vanquished.

Notes
Turn   | Place    | Note
-------+----------+-------------------------------------------
     0 | D:1      | Darkkill the Minotaur Hunter began the quest for the Orb.
     0 | D:1      | Reached XP level 1. HP: 18/18 MP: 0/0
   154 | D:1      | Found Yhinoy's One-of-a-Kind Rings.
   158 | D:1      | Reached skill level 1 in Stealth
   195 | D:1      | Reached XP level 2. HP: 24/25 MP: 1/1
   478 | D:1      | Found Ymeag's Jewellery Boutique.
   761 | D:2      | Noticed Robin
   768 | D:1      | HP: 5/25 [hobgoblin[Robin] (4)]
   769 | D:1      | Slain by a goblin

Illustrated notes

Levels and vault maps discovered:
D:1:      scummos_arrival_hexagon, layout_basic, serial_shops, shop,
          nicolae_shop_unique_rings
D:2:      layout_basic, kennysheep_generic_room_16, uniq_robin

Skill      XL: |  1 |
---------------+----+-----
Stealth        | 1 |  1.2
Fighting       | |  2.8
Ranged Weapons | |  4.5
Dodging        | |  2.5

Action                     || total
---------------------------++-------
   Fire: Shortbow          ||    49
    Use: Scroll            ||     1
 Armour: Leather armour    ||     6
  Dodge: Dodged            ||    16

Table legend: (Time is in decaauts)
 A = Elapsed time spent in this place.
 B = Non-inter-level travel time spent in this place.
 C = Inter-level travel time spent in this place.
 D = Time resting spent in this place.
 E = Time spent auto-exploring this place.
 F = Levels seen in this place.
 G = Mean time per level.
                   A        B        C        D        E       F      G
               +--------+--------+--------+--------+--------+-----+--------+
         Total |    779 |    745 |     34 |      0 |    651 |   2 |  389.5 |
       Dungeon |    779 |    745 |     34 |      0 |    651 |   2 |  389.5 |
               +--------+--------+--------+--------+--------+-----+--------+

Top non-repeatable levels by time:
     D:1: 774 daAuts
     D:2: 4 daAuts

Levels and vault maps discovered:
D:1:      scummos_arrival_hexagon, layout_basic, serial_shops, shop,
          nicolae_shop_unique_rings
D:2:      layout_basic, kennysheep_generic_room_16, uniq_robin

Table legend: (Time is in decaauts)
 A = Elapsed time spent in this place.
 B = Non-inter-level travel time spent in this place.
 C = Inter-level travel time spent in this place.
 D = Time resting spent in this place.
 E = Time spent auto-exploring this place.
 F = Levels seen in this place.
 G = Mean time per level.
                   A        B        C        D        E       F      G
               +--------+--------+--------+--------+--------+-----+--------+
         Total |    779 |    745 |     34 |      0 |    651 |   2 |  389.5 |
       Dungeon |    779 |    745 |     34 |      0 |    651 |   2 |  389.5 |
               +--------+--------+--------+--------+--------+-----+--------+

Top non-repeatable levels by time:
     D:1: 774 daAuts
     D:2: 4 daAuts

Table legend:
 A = Kills in this place as a percentage of kills in the entire game.
 B = Kills by you in this place as a percentage of kills by you in the entire game.
 C = Kills by friends in this place as a percentage of kills by friends in the entire game.
 D = Other kills in this place as a percentage of other kills in the entire game.
 E = Experience gained in this place as a percentage of experience gained in the entire game.
 F = Experience gained in this place divided by the number of levels of this place that you have seen.
                   A       B       C       D       E      F
               +-------+-------+-------+-------+-------+----------------------
         Total | 100.0 | 100.0 |   N/A |   N/A | 100.0 |  12.5
       Dungeon | 100.0 | 100.0 |   N/A |   N/A | 100.0 |  12.5
               +-------+-------+-------+-------+-------+----------------------
